 Dungeon Crawl Stone Soup version 0.26-a0-682-g294304f6e8 (webtiles) character file.

Game seed: 8474711289000957662

184914 DogServant the Devastator (level 17, 74/150 HPs)
             Began as a White Draconian Conjurer on Oct 21, 2020.
             Was the Champion of Ru.
             Quit the game on level 1 of the Depths on Oct 22, 2020.
             The game lasted 03:08:06 (49044 turns).

DogServant the Devastator (DrCj)                   Turns: 49044, Time: 03:08:07

Health: 74/150     AC: 20    Str: 10    XL:     17   Next: 79%
Magic:  3/42       EV: 17    Int: 23    God:    Ru [******]
Gold:   463        SH: 10    Dex: 14    Spells: 4/40 levels left

rFire    + . .     SeeInvis +   C - staff of air
rCold    . . .     Faith    .   r - +0 buckler
rNeg     . . .     Spirit   .   (armour unavailable)
rPois    .         Reflect  +   N - +2 hat {MR+}
rElec    +         Harm     .   M - +2 cloak
rCorr    .         Rampage  .   B - +1 pair of gloves
MR       ++...                  G - +2 pair of boots {run}
Stlth    ..........             S - amulet of reflection
HPRegen  0.35/turn              y - ring "Luowiat" {rF++ SInv Stlth+}
MPRegen  0.28/turn              Q - ring of magical power

@: exhausted, drained, quick
A: breathe frost, unfitting armour, agile 1, cold resistance 1, screaming 1,
shaggy fur 1, cold-blooded, no stealth, inability to use devices, hated by all,
temperature sensitive, AC +9
a: Breathe Frost, Draw Out Power, Power Leap, Apocalypse, Renounce Religion


You were on level 1 of the Depths.
You worshipped Ru.
Ru was exalted by your worship.
You visited 7 branches of the dungeon, and saw 31 of its levels.
You visited 1 bazaar.
You also visited: Bailey and Ice Cave.

You collected 3067 gold pieces.
You spent 2604 gold pieces at shops.

Inventory:

Hand Weapons
 f - the +8 spear of the Foot {vamp, Int+4 Dex+4}
   (You found it on level 2 of the Lair of Beasts)

   It inflicts no extra harm, but heals its wielder when it wounds a living foe.
   It affects your intelligence (+4).
   It affects your dexterity (+4).
Missiles
 n - 83 poisoned darts
 u - 3 throwing nets
 O - 5 javelins (quivered)
Armour
 r - a +0 buckler (worn)
 t - the +2 hat of the Albatross {Harm *Corrode rN+}
   (You found it on level 14 of the Dungeon)

   It protects you from negative energy.
   It may corrode you when you take damage.
   It increases damage dealt and taken.
 B - a +1 pair of gloves (worn)
 G - a +2 pair of boots of running (worn)
 M - a +2 cloak (worn)
 N - a +2 hat of magic resistance (worn)
Magical Staves
 w - an uncursed staff of death
 C - an uncursed staff of air (weapon)
 E - an uncursed staff of earth
Jewellery
 o - the ring of Phasing {EV+8}
   (You took it off a deep elf knight on level 2 of the Elven Halls)

   [ring of evasion]

   It affects your evasion (+8).
 x - an uncursed ring of positive energy
 y - the ring "Luowiat" (left hand) {rF++ SInv Stlth+}
   (You bought it in a shop in a bazaar)

   [ring of stealth]

   It greatly protects you from fire.
   It lets you see invisible.
   It makes you more stealthy.
 F - an uncursed amulet of magic regeneration
 Q - a ring of magical power (right hand)
 S - an amulet of reflection (around neck)
Scrolls
 a - 5 scrolls of fog
 c - 3 scrolls of teleportation
 e - 7 scrolls of identify
 j - 2 scrolls of amnesia
 l - 5 scrolls of immolation
 p - 15 scrolls of remove curse
 q - 6 scrolls of magic mapping
 H - 2 scrolls of enchant weapon
 K - a scroll of holy word
Potions
 b - 6 potions of flight
 d - 5 potions of ambrosia
 g - 7 potions of brilliance
 h - a potion of haste
 i - 2 potions of stabbing
 k - a potion of resistance {unknown}
 m - 11 potions of curing
 s - 4 potions of heal wounds
 v - 8 potions of might
 A - a potion of cancellation
 D - 3 potions of berserk rage
 J - a potion of invisibility
 L - a potion of lignification


   Skills:
 - Level 13.4(12.3) Fighting
 - Level 7.2(6.3) Polearms
 - Level 10.0(9.0) Dodging
 - Level 4.2(3.3) Shields
 - Level 12.0(10.9) Spellcasting
 + Level 17.7(16.5) Conjurations
 - Level 10.2(9.2) Hexes
 - Level 7.0(6.1) Translocations
 - Level 6.0(5.0) Ice Magic
 + Level 8.9(7.9) Air Magic


You had 4 spell levels left.
You knew the following spells:

 Your Spells              Type           Power        Failure   Level
b - Searing Ray           Conj           ######       0%          2
c - Dazzling Flash        Conj/Hex       ######       1%          3
d - Fulminant Prism       Conj/Hex       ######....   1%          4
e - Iskenderun's Mystic   Conj/Tloc      ######..     1%          4
f - Yara's Violent Unrav  Hex/Tmut       ####......   22%         5
g - Cause Fear            Hex            ######....   1%          4
h - Frozen Ramparts       Ice            #####.       1%          3
i - Lightning Bolt        Conj/Air       #######...   1%          5
j - Conjure Ball Lightni  Conj/Air       #######...   5%          6

Your spell library contained the following spells:

 Spells                   Type           Power        Failure   Level
 Magic Dart               Conj           ####         0%          1
 Corona                   Hex            ######.      1%          1
 Freeze                   Ice            ####         1%          1
 Shock                    Conj/Air       ####         1%          1
 Blink                    Tloc           N/A          1%          2
 Ensorcelled Hibernation  Hex/Ice        #####.       1%          2
 Confusing Touch          Hex            ######..     1%          3
 Gell's Gravitas          Tloc           #####.....   1%          3
 Lesser Beckoning         Tloc           #####.....   1%          3
 Ozocubu's Armour         Ice            #####...     1%          3
 Teleport Other           Tloc           #####...     1%          3
 Hailstorm                Conj/Ice       ######..     1%          4
 Sticky Flame             Conj/Fire      ######..     1%          4
 Passage of Golubria      Tloc           N/A          4%          4
 Ignite Poison            Fire/Tmut/Pois ##......     17%         3
 Petrify                  Tmut/Erth      ##......     50%         4
 Silence                  Hex/Air        ######....   4%          5
 Metabolic Englaciation   Hex/Ice        #####.....   8%          5
 Discord                  Hex            ######....   100%        8
 Tukima's Dance           Hex            Unusable     N/A         3
 Summon Guardian Golem    Hex/Summ       Unusable     N/A         3
 Summon Small Mammal      Summ           Unusable     N/A         1
 Call Imp                 Summ           Unusable     N/A         2
 Summon Lightning Spire   Summ/Air       Unusable     N/A         4
 Call Canine Familiar     Summ           Unusable     N/A         3
 Summon Ice Beast         Ice/Summ       Unusable     N/A         4

Dungeon Overview and Level Annotations

Branches:
Dungeon (15/15)            Temple (0/1) D:4            Lair (6/6) D:11
 Shoals (2/4) Lair:3       Spider (1/4) Lair:4        Slime (0/5) Lair:6
    Orc (2/2) D:11            Elf (3/3) Orc:2        Vaults (0/5) D:14
 Depths (2/5) D:15         Bailey (visited)           IceCv (visited)

Altars:
Cheibriados
Gozag
Hepliaklqana
Kikubaaqudgha
Makhleb
Qazlal
Ru
Sif Muna
Vehumet
Xom
Yredelemnul
Zin
The Shining One
Beogh

Shops:
D:7 :   D:12 [   Orc:2 [}(=   Elf:3 *   Shoals:1 :

Portals:
Hell: Depths:1
Abyss: Depths:1
Trove: Elf:3 (lose all piety)

Annotations:
D:9 exclusion: Harold
Lair:6 3 runed translucent doors, Kinoniko's ghost, journeyman DrBe
Shoals:1 Roxanne
Shoals:2 Ilsuiw
Elf:2 3 runed translucent doors
Depths:1 Bai Suzhen


Innate Abilities, Weirdness & Mutations

You can breathe waves of freezing cold.
You can buffet flying creatures when you breathe cold.
Your icy white scales are hard. (AC +9)
You cannot fit into any form of body armour.
Your flesh is cold resistant. (rC+)
You occasionally shout uncontrollably at your foes.
You are cold-blooded and may be slowed by cold attacks.
You cannot be stealthy.
You cannot study or use magical devices.
You are hated by all.
You are sensitive to extremes of temperature. (rF-, rC-)
You are agile. (Dex +2)
You are covered in fur. (AC +1)


Message History

The blast of energy engulfs the four-headed hydra!!
You kill the four-headed hydra!
The four-headed hydra's corpse disappears in a puff of smoke!
Casting: Iskenderun's Mystic Blast (mildly dangerous; 1% risk of failure)
Confirm with . or Enter, or press ? or * to list all spells.
You don't have enough magic to cast that spell.
Unknown command.
Bai Suzhen roars!
An eight-headed hydra appears.
The eight-headed hydra bites you but does no damage.
The eight-headed hydra completely misses you.
You block the eight-headed hydra's attack.
The eight-headed hydra barely misses you.
The eight-headed hydra bites you but does no damage.
The eight-headed hydra bites you. x2
The eight-headed hydra bites you but does no damage.
Unknown command.
Unknown command.
Unknown command.
Are you sure you want to abandon this character and quit the game? (Confirm with "yes".)

.........##...............#.##.##
....=.....................###...#
.........#.......................
≈≈≈≈......###....................
≈≈.........#D..................##
≈≈.#..._.......................#.
...#.........d...................
..###.........................≈..
### ##.........D@.............≈≈.
# ####........D..............≈≈.
# ##..(....)...§.................
# #(..........#..#...........##..
# #.>.......######......>...##...
# ##..#......# #..<(...(.##.... #
######....# ##(###.#...###.. #
##...# ##..###.....#... #####
#..........##...


You could see Bai Suzhen, 2 eight-headed hydras and a four-headed hydra
(summoned).

Vanquished Creatures
  Saint Roka (Elf:3)
  Rupert (Lair:6)
  Jorgrun (Shoals:1)
  A sphinx (Depths:1)
  2 krakens (Shoals:1)
  Frances (Shoals:1)
  An orc warlord (D:14)
  A deep elf sorcerer (Elf:3)
  2 deep elf elementalists (Elf:3)
  An emperor scorpion (Lair:4)
  3 very ugly things
  2 stone giants (Depths:2)
  4 deep elf demonologists
  A deep elf death mage (Elf:3)
  Snorg (Lair:4)
  2 merfolk impalers (Shoals:1)
  An ettin (D:14)
  A fire dragon (Depths:2)
  3 jiangshi
  2 centaur warriors
  3 boulder beetles
  Harold (D:9)
  2 catoblepae
  5 hydras
  A yaktaur captain (Depths:1)
  An anaconda (shapeshifter) (D:15)
  A spriggan air mage (Depths:1)
  6 two-headed ogres
  13 dancing weapons
  A queen ant (shapeshifter) (D:15)
  A satyr (Shoals:2)
  A death knight (D:14)
  12 death yaks
  3 tengu warriors
  An ogre mage (D:14)
  4 orc high priests
  Urug (Orc:1)
  A deep troll shaman (Depths:2)
  A vampire mage (D:15)
  3 deep troll earth magi
  A titan zombie (Depths:1)
  7 deep elf knights
  A skeletal warrior (D:14)
  A sea snake (Shoals:2)
  4 unseen horrors
  5 deep trolls (Depths:2)
  An iron troll (Depths:2)
  A glowing orange brain (Depths:1)
  5 deep elf archers
  5 harpies (Shoals:1)
  8 orc knights
  2 necromancers (Depths:1)
  3 orc sorcerers (Orc:2)
  39 deep elf magi
  16 ugly things
  2 cyclopes
  3 manticores
  4 fauns (Shoals:2)
  A frost giant zombie (Depths:1)
  2 centaur zombies
  2 black mambas (Lair:1)
  2 water nymphs (Shoals:2)
  5 merfolk sirens
  An iron dragon skeleton (Depths:1)
  Joseph (D:7)
  An ice statue (IceCv)
  4 gargoyles
  13 cane toads
  A rime drake (shapeshifter) (D:13)
  3 komodo dragons
  7 yaktaurs
  A komodo dragon (shapeshifter) (Depths:1)
  2 ice devils (D:12)
  2 tengu conjurers
  7 trolls
  A wolf spider simulacrum (D:15)
  4 merfolk
  A polar bear (shapeshifter) (Depths:1)
  3 jumping spiders
  4 hornets
  Grinder (D:5)
  24 polar bears
  A wind drake (Shoals:1)
  8 blink frogs
  13 slime creatures
  A snapping turtle (Shoals:1)
  A ball lightning (Depths:1)
  2 dream sheep (Lair:6)
  An air elemental (Elf:1)
  2 spriggan skeletons (Depths:1)
  3 centaur simulacra
  4 redbacks
  Sigmund (D:5)
  A shadow (D:15)
  3 spriggans (shapeshifter)
  A vampire (D:14)
  12 spriggans
  4 water elementals
  7 wraiths
  5 wyverns
  A steam dragon (D:12)
  4 basilisks
  A fire elemental (Elf:3)
  67 yaks
  Grum (D:8)
  11 vampire mosquitoes
  Menkaure (D:5)
  8 wargs
  An acid dragon (D:12)
  18 water moccasins
  12 ice beasts
  5 phantoms
  A fire dragon simulacrum (Depths:1)
  11 ogres
  27 orc warriors
  3 sky beasts
  4 black bears
  2 necrophages
  5 centaurs
  11 boggarts
  39 wolves
  3 big kobolds
  13 bullfrogs
  A gnoll sergeant (D:9)
  A wyvern zombie (D:10)
  A tengu simulacrum (Depths:1)
  5 earth elementals
  3 wyvern skeletons
  5 scorpions
  9 killer bees
  A troll zombie (D:13)
  12 wights
  8 howler monkeys
  5 electric eels
  4 human zombies (D:13)
  A quasit (D:10)
  6 hounds
  4 bullfrog skeletons
  8 centaur skeletons
  34 orc priests
  An iron imp (Depths:1)
  8 jellies
  24 orc wizards
  2 human skeletons (D:13)
  4 iguanas
  10 worker ants
  A hound zombie (D:6)
  A hound skeleton (D:8)
  2 mummies (D:13)
  3 gnolls (D:9)
  A howler monkey skeleton (D:4)
  12 adders
  2 shadow imps
  2 white imps
  2 ufetubi
  3 oozes
  An adder zombie (D:6)
  2 worms (D:2)
  4 leopard geckos
  83 orcs
  4 giant cockroaches
  13 goblins
  9 hobgoblins
  2 jackals (D:8)
  3 quokkas
  2 ball pythons
  9 bats
  2 frilled lizards (D:2)
  17 kobolds
  A leopard gecko skeleton (D:7)
  A leopard gecko zombie (D:5)
  An orc zombie (D:13)
  2 quokka skeletons (D:5)
  13 rats
  2 rat zombies (D:4)
  A crawling corpse (Elf:3)
  60 fulminant prisms
  6 tentacles (Shoals:1)
1038 creatures vanquished.

Vanquished Creatures (collateral kills)
  3 ball lightnings
3 creatures vanquished.

Vanquished Creatures (others)
  A rakshasa (D:15)
  A two-headed ogre (D:14)
  A death yak (Lair:6)
  A deep elf knight (Elf:3)
  An orc knight (D:14)
  A deep elf archer (Elf:2)
  A deep elf mage (Elf:3)
  A rime drake (Lair:5)
  A yaktaur (Depths:1)
  A gargoyle (D:13)
  A harpy zombie (D:13)
  A troll (shapeshifter) (Elf:1)
  A polar bear (Lair:6)
  A troll (Orc:2)
  A spriggan (Lair:6)
  2 yaks
  A black bear (D:9)
  An ogre (D:13)
  33 ball lightnings
  A wolf (IceCv)
  A wight (D:15)
  A bullfrog zombie (D:13)
  An orc wizard (Orc:2)
  2 orcs
  A kobold (D:9)
  A goblin (D:11)
  A crawling corpse (Elf:3)
  289 fulminant prisms
  57 fungi
  86 plants
  9 tentacles (Shoals:1)
502 creatures vanquished.

Grand Total: 1543 creatures vanquished

Notes
Turn   | Place    | Note
-------+----------+-------------------------------------------
     0 | D:1      | DogServant the Draconian Conjurer began the quest for the
                  | Orb.
     0 | D:1      | Reached XP level 1. HP: 14/14 MP: 3/3
   486 | D:1      | Reached XP level 2. HP: 20/20 MP: 1/5
  1243 | D:1      | Reached XP level 3. HP: 26/26 MP: 4/7
  1869 | D:2      | Noticed an earth elemental
  1874 | D:2      | Noticed an air elemental
  1932 | D:2      | Noticed a water elemental
  1934 | D:2      | Found a stormy altar of Qazlal.
  1935 | D:2      | Noticed a fire elemental
  2321 | D:2      | Reached XP level 4. HP: 33/33 MP: 3/8
  2914 | D:2      | Found a glowing silver altar of Zin.
  2918 | D:2      | Learned a level 2 spell: Searing Ray
  2922 | D:2      | Learned a level 3 spell: Dazzling Flash
  2964 | D:3      | Reached skill level 5 in Conjurations
  3060 | D:3      | Reached skill level 1 in Hexes
  3545 | D:3      | Reached XP level 5. HP: 38/38 MP: 6/9
  4049 | D:4      | Noticed a phantom
  4067 | D:4      | Killed a phantom
  4067 | D:4      | Reached XP level 6. HP: 39/45 MP: 2/10
  4107 | D:4      | Reached skill level 6 in Conjurations
  4295 | D:4      | Reached skill level 1 in Fighting
  4625 | D:4      | Found a staircase to the Ecumenical Temple.
  4781 | D:4      | Found an ancient bone altar of Kikubaaqudgha.
  4884 | D:4      | Your scales start taking on an icy white colour.
  4884 | D:4      | Reached XP level 7. HP: 42/56 MP: 2/11
  4884 | D:4      | Gained mutation: Your flesh is cold resistant. (rC+) [White
                  | Draconian growth]
  5454 | D:5      | Entered Level 5 of the Dungeon
  5496 | D:5      | Noticed Grinder
  5515 | D:5      | Killed Grinder
  5515 | D:5      | Reached skill level 7 in Conjurations
  5935 | D:5      | Noticed Menkaure
  5944 | D:5      | Learned a level 4 spell: Fulminant Prism
  5950 | D:5      | Killed Menkaure
  5950 | D:5      | Reached XP level 8. HP: 67/67 MP: 3/13
  6051 | D:5      | Reached skill level 5 in Fighting
  6163 | D:5      | Noticed Sigmund
  6194 | D:5      | Killed Sigmund
  6271 | D:5      | Reached skill level 8 in Conjurations
  7085 | D:6      | Learned a level 4 spell: Iskenderun's Mystic Blast
  7291 | D:6      | Reached skill level 1 in Translocations
  7341 | D:6      | Found a shimmering blue altar of Sif Muna.
  7341 | D:6      | Found a shimmering altar of Xom.
  7474 | D:7      | Reached skill level 9 in Conjurations
  7474 | D:7      | Reached XP level 9. HP: 67/79 MP: 12/15
  8087 | D:7      | Noticed Joseph
  8746 | D:6      | Found a glowing golden altar of the Shining One.
  8874 | D:6      | Found a snail-covered altar of Cheibriados.
  9080 | D:7      | Found Wofulun's Book Shoppe.
  9213 | D:7      | Found a radiant altar of Vehumet.
  9442 | D:7      | Found a sacrificial altar of Ru.
  9563 | D:7      | Became a worshipper of Ru the Awakened
  9698 | D:7      | Killed Joseph
  9698 | D:7      | Reached skill level 10 in Conjurations
  9698 | D:7      | Reached skill level 5 in Translocations
  9973 | D:8      | Found a burning altar of Makhleb.
 10142 | D:8      | Noticed Grum
 10190 | D:8      | Killed Grum
 10190 | D:8      | Reached XP level 10. HP: 74/86 MP: 1/16
 10448 | D:8      | Found a hazy altar of Hepliaklqana.
 10448 | D:8      | Found an opulent altar of Gozag.
 10900 | D:8      | Noticed a two-headed ogre
 10908 | D:8      | Killed a two-headed ogre
 10908 | D:8      | Reached skill level 5 in Dodging
 11372 | D:9      | Noticed Harold
 11495 | D:9      | Noticed a seven-headed hydra
 11752 | D:9      | Gained mutation: You are sensitive to extremes of
                  | temperature. (rF-, rC-) [Ru sacrifice]
 11752 | D:9      | Reached * piety under Ru
 11752 | D:9      | Reached ** piety under Ru
 11809 | D:10     | Entered Level 10 of the Dungeon
 12176 | D:10     | Noticed a two-headed ogre
 12211 | D:10     | Killed a two-headed ogre
 12211 | D:10     | Reached skill level 11 in Conjurations
 12545 | D:10     | Reached skill level 5 in Spellcasting
 12743 | D:10     | Noticed a two-headed ogre
 12962 | D:10     | Reached XP level 11. HP: 88/94 MP: 6/18
 13257 | D:11     | Learned a level 5 spell: Yara's Violent Unravelling
 13257 | D:11     | Gained mutation: You are somewhat resistant to further
                  | mutation. [potion of mutation]
 13258 | D:11     | Lost mutation: You are somewhat resistant to further
                  | mutation. [potion of mutation]
 13258 | D:11     | Gained mutation: Scrolls take you a little longer to read.
                  | [potion of mutation]
 13258 | D:11     | Gained mutation: Your spells are a little harder to cast,
                  | but a little more powerful. [potion of mutation]
 13258 | D:11     | Lost mutation: Scrolls take you a little longer to read.
                  | [potion of mutation]
 13373 | D:11     | Found a flagged portal.
 13378 | Bailey   | Entered a bailey
 13380 | Bailey   | Noticed an orc knight
 13382 | Bailey   | Noticed an orc knight
 13978 | D:11     | Noticed a two-headed ogre
 13996 | D:11     | Killed a two-headed ogre
 14154 | D:11     | Found a staircase to the Lair.
 14687 | D:11     | Gained mutation: You are hated by all. [Ru sacrifice]
 14687 | D:11     | Reached *** piety under Ru
 14687 | D:11     | Reached **** piety under Ru
 14691 | D:11     | Found a staircase to the Orcish Mines.
 15542 | D:12     | Reached skill level 5 in Hexes
 15953 | D:12     | Found a frozen archway.
 16006 | IceCv    | Entered an ice cave
 16215 | IceCv    | Reached skill level 10 in Fighting
 16578 | IceCv    | Reached XP level 12. HP: 96/106 MP: 0/21
 16969 | IceCv    | Noticed a death yak
 16988 | IceCv    | Killed a death yak
 18069 | IceCv    | Noticed a white draconian
 18069 | IceCv    | Noticed a death yak
 18436 | D:12     | Found an opulent altar of Gozag.
 18522 | D:12     | Found Zyidas's Antique Armour Shop.
 18539 | D:12     | Bought a pair of glowing boots for 277 gold pieces
 18539 | D:12     | Bought an embroidered scarf for 296 gold pieces
 18544 | D:12     | Identified a +2 pair of boots of running (You bought it in
                  | a shop on level 12 of the Dungeon)
 18826 | D:12     | Found an opulent altar of Gozag.
 18880 | D:12     | Gained mutation: You cannot study or use magical devices.
                  | [Ru sacrifice]
 18880 | D:12     | Reached ***** piety under Ru
 19344 | Lair:1   | Entered Level 1 of the Lair of Beasts
 19634 | Lair:1   | Reached skill level 12 in Conjurations
 19784 | Lair:1   | Found a basalt altar of Yredelemnul.
 20558 | Lair:2   | Got a slimy spear
 20559 | Lair:2   | Identified the +8 spear of the Foot {vamp, Int+4 Dex+4}
                  | (You found it on level 2 of the Lair of Beasts)
 20695 | D:10     | Reached XP level 13. HP: 113/113 MP: 8/26
 20697 | D:10     | Reached skill level 1 in Polearms
 20954 | D:7      | Bought a book of Maledictions for 375 gold pieces
 20959 | D:7      | Learned a level 4 spell: Cause Fear
 21046 | D:9      | Killed Harold
 22743 | Lair:2   | Reached skill level 1 in Shields
 24020 | Lair:3   | Reached skill level 5 in Polearms
 24439 | Lair:3   | You fall into a shaft and drop 1 floor!
 24478 | Lair:4   | Noticed Snorg
 24488 | Lair:4   | Killed Snorg
 24489 | Lair:4   | Gained mutation: You occasionally shout uncontrollably at
                  | your foes. [Ru sacrifice]
 24589 | Lair:4   | Lost mutation: Your spells are a little harder to cast, but
                  | a little more powerful. [potion of mutation]
 24589 | Lair:4   | Gained mutation: You have a pair of small horns on your
                  | head. [potion of mutation]
 24589 | Lair:4   | Gained mutation: You have a pair of horns on your head.
                  | [potion of mutation]
 24589 | Lair:4   | Gained mutation: You are covered in fur. (AC +1) [potion of
                  | mutation]
 24591 | Lair:4   | Lost mutation: You have a pair of horns on your head.
                  | [potion of mutation]
 24591 | Lair:4   | Lost mutation: You have a pair of small horns on your head.
                  | [potion of mutation]
 24591 | Lair:4   | Gained mutation: Your muscles are strong. (Str +2) [potion
                  | of mutation]
 24591 | Lair:4   | Lost mutation: Your muscles are strong. (Str +2) [potion of
                  | mutation]
 24591 | Lair:4   | Gained mutation: You are agile. (Dex +2) [potion of
                  | mutation]
 24789 | Lair:4   | Found a hole to the Spider Nest.
 25304 | Lair:5   | Learned a level 3 spell: Frozen Ramparts
 25465 | Lair:5   | Reached skill level 1 in Ice Magic
 25577 | Lair:5   | Reached skill level 13 in Conjurations
 26176 | Lair:6   | Entered Level 6 of the Lair of Beasts
 26220 | Lair:6   | Noticed Rupert
 26261 | Lair:6   | Found a runed translucent gate.
 26261 | Lair:6   | Found a runed translucent gate.
 26261 | Lair:6   | Found a runed translucent gate.
 26261 | Lair:6   | Noticed Kinoniko's ghost (journeyman DrBe)
 26279 | Lair:6   | Reached XP level 14. HP: 105/122 MP: 27/27
 26279 | Lair:6   | Reached skill level 5 in Ice Magic
 26285 | Lair:6   | Paralysed by Rupert for 6 turns
 27188 | Lair:3   | Found a staircase to the Shoals.
 27985 | D:13     | Gained mutation: You cannot be stealthy. [Ru sacrifice]
 27985 | D:13     | Reached ****** piety under Ru
 28162 | D:13     | You fall into a shaft and drop 1 floor!
 28179 | D:14     | Reached skill level 14 in Conjurations
 29386 | D:14     | Found a gate to the Vaults.
 29480 | D:14     | Got a scintillating steel ring
 29481 | D:14     | Identified the cursed ring "Caismuh" {AC-4 Str+4 SInv} (You
                  | found it on level 14 of the Dungeon)
 29587 | D:14     | Found a transporter.
 29738 | D:14     | Noticed an orc warlord
 29739 | D:14     | Found a roughly hewn altar of Beogh.
 29739 | D:14     | Found a transporter.
 29823 | D:15     | Entered Level 15 of the Dungeon
 30876 | Orc:1    | Entered Level 1 of the Orcish Mines
 30879 | Orc:1    | Noticed Urug
 30900 | Orc:1    | Killed Urug
 31261 | Orc:2    | Entered Level 2 of the Orcish Mines
 31262 | Orc:2    | Found a staircase to the Elven Halls.
 31393 | Orc:2    | Found a flickering gateway to a bazaar.
 31402 | Bazaar   | Entered a bazaar
 31532 | Bazaar   | Found Niduog's Jewellery Emporium.
 31532 | Bazaar   | Found Ranlut's Jewellery Emporium.
 31573 | Bazaar   | Found Kabbodin's General Store.
 31573 | Bazaar   | Found Hiepola's Magic Scroll Shoppe.
 31610 | Bazaar   | Bought the ring "Luowiat" {rF++ SInv Stlth+} for 831 gold
                  | pieces
 31862 | Orc:2    | Reached skill level 15 in Conjurations
 31930 | Orc:2    | Found Atiny's Jewellery Emporium.
 31930 | Orc:2    | Found Xaonagec's Armour Boutique.
 31936 | Orc:2    | Found Abiotij's Gadget Boutique.
 31936 | Orc:2    | Found Bujuircha's Weapon Emporium.
 32369 | Orc:2    | Found a radiant altar of Vehumet.
 32509 | Orc:1    | Reached XP level 15. HP: 128/128 MP: 28/28
 32982 | Lair:6   | Reached skill level 10 in Spellcasting
 33249 | Lair:6   | Killed Rupert
 34006 | Lair:6   | Found a staircase to the Slime Pits.
 34671 | D:13     | Found a sacrificial altar of Ru.
 34882 | D:13     | Reached skill level 10 in Dodging
 35217 | D:13     | Found a basalt altar of Yredelemnul.
 35432 | D:13     | You fall into a shaft and drop 1 floor!
 36055 | D:15     | Reached skill level 10 in Hexes
 37539 | D:15     | Found a staircase to the Depths.
 38700 | Depths:1 | Entered Level 1 of the Depths
 38790 | D:15     | Reached XP level 16. HP: 65/137 MP: 2/30
 39110 | Shoals:1 | Entered Level 1 of the Shoals
 39135 | Shoals:1 | Noticed a kraken
 39140 | Shoals:1 | Killed a kraken
 39140 | Shoals:1 | Reached skill level 16 in Conjurations
 39181 | Shoals:1 | Found Vaniamad's Book Shop.
 39281 | Shoals:1 | Noticed Jorgrun
 39303 | Shoals:1 | Killed Jorgrun
 39731 | Shoals:1 | Noticed Frances
 39820 | Spider:1 | Entered Level 1 of the Spider Nest
 40194 | Elf:1    | Entered Level 1 of the Elven Halls
 42074 | Elf:2    | Reached skill level 17 in Conjurations
 42102 | Elf:2    | Found a runed translucent gate.
 42102 | Elf:2    | Found a runed translucent gate.
 42103 | Elf:2    | Found a runed translucent gate.
 42669 | D:7      | Bought Sif Muna's Disquisition on the Arsonist and Combat
                  | Magic for 825 gold pieces
 42675 | D:7      | Learned a level 5 spell: Lightning Bolt
 42682 | D:7      | Learned a level 6 spell: Conjure Ball Lightning
 42839 | Elf:3    | Entered Level 3 of the Elven Halls
 42845 | Elf:3    | Reached skill level 1 in Air Magic
 43400 | Elf:3    | Found Vempijok's Assorted Antiques.
 43414 | Elf:3    | Noticed a Brimstone Fiend
 43438 | Elf:3    | Noticed Saint Roka
 43450 | Elf:3    | Noticed an Ice Fiend
 43711 | Elf:3    | Killed Saint Roka
 43943 | Elf:3    | Found a portal to a secret trove of treasure.
 43987 | Elf:3    | Reached XP level 17. HP: 139/148 MP: 23/33
 44017 | Elf:3    | Noticed a deep elf blademaster
 44024 | Elf:3    | Reached skill level 5 in Air Magic
 44030 | Elf:3    | Identified the +8 morningstar of the Aged Heavens {elec,
                  | rElec rF++ Dex-5 SInv}
 44030 | Elf:3    | Identified the +2 ring mail of Distant Shores {Int+5}
 44032 | Elf:3    | Identified the cursed +2 battleaxe of a bailey {elec,
                  | Str+6}
 44036 | Elf:3    | Noticed a Tzitzimitl
 44050 | Elf:2    | Noticed a Tzitzimitl
 44348 | Elf:3    | Noticed a deep elf master archer
 44516 | Elf:3    | Killed a deep elf master archer
 45333 | Depths:1 | Found a one-way gate to the infinite horrors of the Abyss.
 45632 | Depths:1 | Found a snail-covered altar of Cheibriados.
 45978 | Depths:1 | Found a gateway to Hell.
 47027 | Shoals:1 | Noticed a kraken
 47046 | Shoals:1 | Killed a kraken
 47061 | Shoals:1 | Identified Roxanne's Compendium of Changing
 47061 | Shoals:1 | Noticed Roxanne
 47085 | Shoals:1 | Killed Frances
 47977 | Shoals:2 | Noticed Ilsuiw
 48805 | D:14     | Got a pitted hat
 48816 | D:14     | Identified the +2 hat of the Albatross {Harm *Corrode rN+}
                  | (You found it on level 14 of the Dungeon)
 48998 | Depths:2 | Noticed Bai Suzhen
 49044 | Depths:1 | Quit the game

Illustrated notes

Levels and vault maps discovered:
D:1:      dpeg_arrival_stone_temple_mockup, layout_basic
D:2:      layout_basic, lemuel_coloured_pillars_altar,
          nicolae_qazlal_style_of_elements
D:3:      layout_loops_ring
D:4:      layout_loops_ring, lemuel_zombie_altar_kikubaaqudgha,
          minmay_temple_entry_gardened_gates, serial_rivers,
          chequers_serial_rivers_micro_d, chequers_serial_rivers_small_a,
          chequers_serial_rivers_micro_b, chequers_serial_rivers_small_b,
          chequers_serial_rivers_micro_e
D:5:      layout_gridville, uniq_menkaure, uniq_grinder, uniq_sigmund
D:6:      layout_basic, marbit_many_paths, lemuel_crystal_altar,
          nicolae_overflow_hidden_temple, hangedman_decor_opposing
D:7:      layout_cave_pools, old_standard_altar,
          nicolae_ru_the_path_less_chosen, serial_shops, kennysheep_little_box,
          serial_bayou_ford_a, uniq_joseph
D:8:      layout_loops_ring, makhleb_blood_cavern_becter,
          gammafunk_temple_overflow_pools, uniq_grum
D:9:      layout_loops_cross, minmay_misc_feat_five, uniq_harold
D:10:     layout_long_grid, minmay_alternating_orb
D:11:     layout_grid_maze, erik_lair_orcish_takeover, orc_0_dummy,
          enter_bailey_3, minmay_parallelograms
D:12:     layout_loops_ring, portal_ice_cave_demonic_guard, basic_altar,
          serial_shops, nicolae_shop_waterfront,
          nicolae_gozag_cash_rules_everything_around_me
D:13:     layout_basic, basic_altar, lemuel_mausoleum_altar_yredelemnul
D:14:     gammafunk_beogh_shrine, layout_loops_cross,
          hangedman_vaults_entry_quadrant_bands
D:15:     gammafunk_enter_depths_forms, layout_rooms, serial_ice, serial_ice_g,
          serial_ice_i, serial_ice_e, serial_ice_d, amethyst_killhole
Lair:1:   layout_chaotic_city, basic_altar, minmay_holes, grunt_megastairs_1
Lair:2:   layout_roguey, nicolae_volcano_entry_two_sided, beast_lair_carwin_6
Lair:3:   layout_gridlike, elwin_shoals_entry_stream,
          eino_small_chamber_without_monster
Lair:4:   layout_loops_ring, spider_nest_entry_funnel_web, minivault_27,
          minmay_stone_trees_small, grunt_forest_stairs_clearing, uniq_snorg
Lair:5:   layout_regular_city, serial_bayou_shore_b
Lair:6:   minmay_lair_end_enchanted_forest, layout_regular_city,
          minmay_slime_entry_oklob_enclosed, ebering_ghost_rock_garden,
          grunt_megastairs_2, serial_bayou_shore_b, uniq_rupert
Shoals:1: layout_shoals, serial_shops, shop_statue,
          nicolae_shoals_kraken_intersection, uniq_frances, uniq_jorgrun,
          uniq_roxanne
Shoals:2: layout_shoals, uniq_ilsuiw
Spider:1: layout_spider_delve
Orc:1:    layout_caves, uniq_urug
Orc:2:    grunt_orc_tribal_feast, layout_diamond_mine, serial_shops,
          bzr_firewalk, basic_altar, nicolae_orc_tapped_out
Elf:1:    eino_elf_arrival_shootout, layout_gridlike, minivault_28
Elf:2:    layout_geoelf_octagon
Elf:3:    elf_hall_gauntlet_wide, layout_rooms, serial_shops, shop_statue,
          nicolae_trove_entry_crossroad, uniq_saint_roka
Depths:1: layout_cave_pools, abyss_entry_small_statue_room, basic_altar,
          grunt_hell_entry_dis_grunt, kennysheep_cross_room, dk_noncrumbling_4,
          chequers_jeans, kennysheep_generic_room_7
Depths:2: cheibrodos_birdhouse, layout_basic, hell_entry,
          hangedman_abyss_or_decor_slice, abyss_entry_flame_altar,
          mu_enter_wizlab_7, uniq_bai_suzhen

Skill      XL: |  1  2  3  4  5  6  7  8  9 10 11 12 13 14 15 16 17 |
---------------+----------------------------------------------------+-----
Spellcasting   | 3 4 5 6 9 10 12 | 12.0
Conjurations   | 5 6 7 9 10 11 12 13 15 17 | 17.7
Hexes          | 1 2 3 6 8 9 10 | 10.2
Fighting       | 2 4 7 8 10 11 12 13 | 13.4
Translocations | 2 5 7 |  7.0
Dodging        | 4 5 6 7 10 | 10.0
Polearms       | 7 |  7.2
Shields        | 4 |  4.2
Ice Magic      | 4 6 |  6.0
Stealth        | 0 |  0.0
Air Magic      | 4 8 |  8.9

Action                   |  1- 3 |  4- 6 |  7- 9 | 10-12 | 13-15 | 16-18 || total
-------------------------+-------+-------+-------+-------+-------+-------++-------
Melee: Unarmed           |    35 |       |       |       |       |       ||    35
       Tailslap          |     3 |     1 |     4 |    17 |   152 |    27 ||   204
       Dagger            |       |    12 |    39 |   147 |       |       ||   198
       Great sword       |       |       |       |    12 |       |       ||    12
       Spear             |       |       |       |       |  1199 |   166 ||  1365
       Staff             |       |       |       |       |       |    39 ||    39
Throw: Dart              |       |       |       |     8 |       |       ||     8
       Throwing net      |       |       |       |       |     2 |     5 ||     7
       Javelin           |       |       |       |       |       |     5 ||     5
 Cast: Magic Dart        |    94 |    64 |    19 |     5 |       |       ||   182
       Searing Ray       |       |    21 |    63 |   112 |    51 |    58 ||   305
       Fulminant Prism   |       |       |    27 |   115 |   141 |    67 ||   350
       Dazzling Flash    |       |       |     3 |     8 |    10 |     7 ||    28
       Iskenderun's Myst |       |       |     3 |    63 |   199 |   142 ||   407
       Yara's Violent Un |       |       |       |     1 |     3 |       ||     4
       Cause Fear        |       |       |       |       |    15 |     2 ||    17
       Frozen Ramparts   |       |       |       |       |    39 |    31 ||    70
       Lightning Bolt    |       |       |       |       |       |    93 ||    93
       Conjure Ball Ligh |       |       |       |       |       |    16 ||    16
Invok: Sacrifice Resista |       |       |       |     1 |       |       ||     1
       Sacrifice Love    |       |       |       |     1 |       |       ||     1
       Draw Out Power    |       |       |       |     1 |    10 |    11 ||    22
       Sacrifice Artific |       |       |       |     1 |       |       ||     1
       Sacrifice Purity  |       |       |       |       |     1 |       ||     1
       Apocalypse        |       |       |       |       |     2 |     1 ||     3
       Power Leap        |       |       |       |       |     1 |       ||     1
       Sacrifice Stealth |       |       |       |       |     1 |       ||     1
 Abil: Breathe Frost     |       |       |     9 |    18 |    12 |    10 ||    49
Evoke: Wand              |       |       |       |     4 |       |       ||     4
  Use: Scroll            |       |       |    19 |    14 |    16 |     8 ||    57
       Potion            |       |       |     2 |     8 |     5 |     5 ||    20
 Stab: Invisible         |       |       |       |     2 |    12 |       ||    14
       Sleeping          |       |       |       |     1 |     4 |       ||     5
       Paralysed         |       |       |       |       |    18 |       ||    18
       Distracted        |       |       |       |       |     5 |       ||     5
       Held in net/web   |       |       |       |       |     1 |       ||     1
Armor: Skin              |    34 |    12 |    19 |   101 |   249 |    98 ||   513
Dodge: Dodged            |    57 |    22 |    88 |   259 |   621 |   233 ||  1280
Block: Buckler           |       |       |       |       |   168 |    86 ||   254
       Reflection        |       |       |       |       |       |     5 ||     5
       Rpst.: Great sword |       |       |       |     9 |       |       ||     9

Table legend: (Time is in decaauts)
 A = Elapsed time spent in this place.
 B = Non-inter-level travel time spent in this place.
 C = Inter-level travel time spent in this place.
 D = Time resting spent in this place.
 E = Time spent auto-exploring this place.
 F = Levels seen in this place.
 G = Mean time per level.
                   A        B        C        D        E       F      G
               +--------+--------+--------+--------+--------+-----+--------+
         Total |  47365 |  42655 |   4710 |  15361 |  19497 |  34 | 1393.1 |
       Dungeon |  27311 |  24137 |   3174 |   8119 |  12103 |  15 | 1820.7 |
          Lair |   8057 |   7240 |    817 |   2170 |   3755 |   6 | 1342.8 |
        Shoals |   1746 |   1698 |     48 |    900 |    461 |   2 |  873.0 |
   Spider Nest |     12 |     12 |      0 |      0 |      0 |   1 |   12.0 |
  Orcish Mines |   1596 |   1258 |    338 |     42 |    895 |   2 |  798.0 |
   Elven Halls |   4291 |   4029 |    262 |   2317 |    893 |   3 | 1430.3 |
        Depths |   1843 |   1775 |     68 |    529 |    864 |   2 |  921.5 |
        Bazaar |    224 |    224 |      0 |     47 |    129 |   1 |  224.0 |
        Bailey |     36 |     36 |      0 |      2 |      0 |   1 |   36.0 |
      Ice Cave |   2244 |   2244 |      0 |   1234 |    394 |   1 | 2244.0 |
               +--------+--------+--------+--------+--------+-----+--------+

Top non-repeatable levels by time:
    D:11: 3208 daAuts
    D:14: 3197 daAuts
   IceCv: 2244 daAuts
    D:10: 2191 daAuts
    D:13: 2064 daAuts
   Elf:2: 2013 daAuts
    D:15: 1822 daAuts
  Lair:3: 1715 daAuts
Shoals:1: 1699 daAuts
     D:7: 1653 daAuts
     D:8: 1652 daAuts
   Elf:1: 1600 daAuts
     D:1: 1578 daAuts
     D:9: 1571 daAuts
     D:6: 1509 daAuts
